 Dungeon Crawl Stone Soup version 0.21-a0-94-gdd6ab6a (webtiles) character file.

272 tilp the Firebug (level 6, -1/45 HPs)
             Began as a Hill Orc Fire Elementalist on July 1, 2017.
             Was an Initiate of Okawaru.
             Shot with an arrow by a centaur (12 damage)
             ... on level 5 of the Dungeon.
             The game lasted 00:15:02 (4690 turns).

tilp the Firebug (Hill Orc Fire Elementalist)       Turns: 4690, Time: 00:15:03

Health: -1/45      AC:  4    Str: 11    XL:     6   Next: 23%
Magic:  9/9        EV: 10    Int: 17    God:    Okawaru [......]
Gold:   128        SH:  3    Dex: 11    Spells: 1/9 levels left

rFire    . . .     SeeInvis .   d - +0 hand axe
rCold    . . .     Gourm    .   f - +0 buckler
rNeg     . . .     Faith    .   q - +0 leather armour
rPois    .         Spirit   .   (no helmet)
rElec    .         Reflect  .   (no cloak)
rCorr    .         Harm     .   e - +0 pair of gloves
MR       .....                  (no boots)
Stlth    +.........             (no amulet)
HPRegen  0.15/turn              (no ring)
MPRegen  0.11/turn              (no ring)

@: no status effects
A: no striking features
a: Renounce Religion


You were on level 5 of the Dungeon.
You worshipped Okawaru.
Okawaru was noncommittal.
You were not hungry.

You visited 1 branch of the dungeon, and saw 5 of its levels.

You collected 128 gold pieces.

Inventory:

Hand Weapons
 d - a +0 hand axe (weapon)
 m - a +0 short sword
 y - a +2 dagger of speed
Missiles
 x - a throwing net (quivered)
Armour
 e - a +0 pair of gloves (worn)
 f - a +0 buckler (worn)
 q - a +0 leather armour (worn)
Scrolls
 a - a scroll of identify {unknown}
 g - a scroll of enchant weapon {unknown}
 h - a scroll of fog {unknown}
 i - a scroll of enchant armour {unknown}
 n - a scroll of noise {unknown}
 r - 3 scrolls of recharging {unknown}
 s - a scroll of random uselessness {unknown}
 t - a scroll of amnesia {unknown}
 u - a scroll of immolation {unknown}
Potions
 j - a potion of haste {unknown}
 k - 2 potions of curing
 p - a potion of ambrosia {unknown}
 v - a potion of heal wounds {unknown}
 w - a potion of lignification {unknown}
Books
 b - a book of Flames

   Spells                             Type                      Level
   a - Flame Tongue                   Conjuration/Fire             1
   b - Throw Flame                    Conjuration/Fire             2
   c - Conjure Flame                  Conjuration/Fire             3
   d - Inner Flame                    Hexes/Fire                   3
   e - Sticky Flame                   Conjuration/Fire             4
   f - Fireball                       Conjuration/Fire             5
 l - a book of Changes

   Spells                             Type                      Level
   a - Beastly Appendage              Transmutation                1
   b - Sticks to Snakes               Transmutation                2
   c - Spider Form                    Transmutation/Poison         3
   d - Ice Form                       Ice/Transmutation            4
   e - Blade Hands                    Transmutation                5
Comestibles
 o - a bread ration


   Skills:
 + Level 3.9 Axes
 - Level 1.5 Dodging
 - Level 1.5 Stealth
 - Level 2.3 Spellcasting
 * Level 3.4 Conjurations
 + Level 4.5 Fire Magic


You had one spell level left.
You knew the following spells:

 Your Spells              Type           Power        Failure   Level  Hunger
a - Flame Tongue          Conj/Fire      ###..        8%          1    #......
b - Conjure Flame         Conj/Fire      ###.....     24%         3    ###....
c - Sticky Flame          Conj/Fire      ###.....     61%         4    #####..


Dungeon Overview and Level Annotations

Branches:
Dungeon (5/15)
 Temple: D:4-7

Altars:
Kikubaaqudgha
Okawaru
Ru

Annotations:
D:3 Ijyb
D:4 Sigmund


Message History

All of the chunks of flesh in your inventory have rotted away.
The two-headed ogre shouts in stereo!
The centaur shoots an arrow.
The arrow hits you!
You see here an arrow.
You open the door. The orc misses you.
The centaur unwields an uncursed shortbow.
The centaur hits you but does no damage.
The centaur wields an uncursed shortbow.
The centaur shoots an arrow.
The arrow barely misses you.
There is an open door here.
You see here an arrow.
You open the door.
The two-headed ogre hits you with a giant spiked club.
* * * LOW HITPOINT WARNING * * *
You block the two-headed ogre's attack.
Found a scroll labeled ZAPNOI IXOD.
Found an escape hatch in the ceiling.
There is an open door here.
There is an escape hatch in the ceiling here.
The centaur shoots an arrow.
The arrow hits you!
You die...

##### #....# ....
#...# #....# ....
#...# #....# ....
#...# #....###....
#####?..###Z...#.....
........Zo(....#..#
####.c.###(......#
#.O.# #.....#.# #@..#
#####.#.#### #...#
#.#c.... #####
#..##.#. ##.##.#.
#.##.#. #..#.#. ..
#.#. .. ..#. ..#.


You could see a two-headed ogre, a centaur, an orc and a howler monkey zombie.

Vanquished Creatures
  A hound (D:5)
  3 orc wizards
  5 adders
  4 oozes
  3 dart slugs
  A leopard gecko (D:5)
  10 orcs
  8 bats
  5 bat skeletons (D:3)
  A bat zombie (D:3)
  2 giant cockroaches
  9 goblins
  A hobgoblin (D:2)
  11 jackals
  7 kobolds
  A quokka (D:2)
  A ball python (D:1)
  4 frilled lizards
  7 rats
84 creatures vanquished.

Notes
Turn   | Place    | Note
-------+----------+-------------------------------------------
     0 | D:1      | tilp the Hill Orc Fire Elementalist began the quest for the Orb.
     0 | D:1      | Reached XP level 1. HP: 14/14 MP: 3/3
   282 | D:1      | Reached XP level 2. HP: 20/20 MP: 1/4
  1219 | D:1      | Reached XP level 3. HP: 26/26 MP: 3/6
  1532 | D:2      | Found an iron altar of Okawaru.
  1539 | D:2      | Became a worshipper of Warmaster Okawaru
  1544 | D:2      | Learned a level 3 spell: Conjure Flame
  1554 | D:2      | Reached skill level 4 in Fire Magic
  1636 | D:2      | Reached XP level 4. HP: 32/33 MP: 7/7
  1671 | D:2      | Reached skill level 1 in Axes
  2622 | D:2      | Reached XP level 5. HP: 26/38 MP: 3/8
  2961 | D:3      | Found an ancient bone altar of Kikubaaqudgha.
  3317 | D:2      | Learned a level 4 spell: Sticky Flame
  3505 | D:3      | Noticed Ijyb
  4183 | D:4      | Noticed Sigmund
  4211 | D:5      | Entered Level 5 of the Dungeon
  4218 | D:5      | Reached XP level 6. HP: 21/45 MP: 4/9
  4669 | D:5      | Found a sacrificial altar of Ru.
  4677 | D:5      | Noticed a two-headed ogre
  4690 | D:5      | Shot with an arrow by a centaur

Vault maps used:
D:1:      eino_arrival_cavern_b
D:2:      small_statue_intersection, okawaru_trees_1
D:3:      kennysheep_vampire_church, first_bread, uniq_ijyb
D:4:      eat_drink_and_be_merry_uskayaw, nicolae_gozag_seed_capital,
          uniq_crazy_yiuf_cottage, uniq_sigmund
D:5:      nicolae_overflow_crystal_walls

Skill      XL: |  1  2  3  4  5 |
---------------+----------------+-----
Spellcasting   | 2 |  2.3
Conjurations   | 2 3 |  3.4
Fire Magic     | 4 |  4.5
Axes           | 2 3 |  3.9
Dodging        | |  1.5
Stealth        | |  1.5

Action                   |  1- 3 |  4- 6 || total
-------------------------+-------+-------++-------
Melee: Unarmed           |     4 |       ||     4
       Club              |    48 |       ||    48
       Hand axe          |    19 |   152 ||   171
       Short sword       |     6 |       ||     6
 Cast: Flame Tongue      |    33 |    65 ||    98
       Conjure Flame     |       |     1 ||     1
  Use: Potion            |       |     1 ||     1
  Eat: Chunk             |     1 |     7 ||     8
       Royal jelly       |     1 |       ||     1
       Bread ration      |       |     1 ||     1
Armor: Robe              |    29 |    30 ||    59
       Leather armour    |       |    41 ||    41
Dodge: Dodged            |    67 |   124 ||   191
Block: Buckler           |    11 |    34 ||    45
